 Dungeon Crawl Stone Soup version 0.24.0-13-gcf9b319 (webtiles) character file.

Game seed: 1589591984167787220, levelgen mode: deterministic

5308 Fang the Fighter (level 10, -6/66 HPs)
             Began as a Gargoyle Berserker on Nov 25, 2019.
             Was an Elder of Trog.
             Mangled by a large abomination (26 damage)
             ... on level 1 of the Abyss on Nov 26, 2019.
             The game lasted 00:07:09 (8172 turns).

Fang the Fighter (Gargoyle Berserker)               Turns: 8172, Time: 00:07:10

Health: -6/66      AC: 21    Str: 26    XL:     10   Next: 64%
Magic:  10/10      EV: 10    Int: 12    God:    Trog [****..]
Gold:   451        SH:  0    Dex:  9    Spells: 9/9 levels left

rFire    . . .     SeeInvis .   a - +0 war axe
rCold    . . .     Gourm    .   (no shield)
rNeg     + . .     Faith    .   b - +0 plate armour
rPois    ∞         Spirit   .   (no helmet)
rElec    +         Reflect  .   (no cloak)
rCorr    .         Harm     .   (no gloves)
MR       .....                  (no boots)
Stlth    ..........             (no amulet)
HPRegen  0.21/turn              f - +4 ring of intelligence
MPRegen  0.12/turn              p - +2 ring of strength

@: very slightly contaminated
A: negative energy resistance 1, electricity resistance, unbreathing,
petrification resistance, rot immunity, AC +7
a: Berserk, Trog's Hand, Brothers in Arms, Renounce Religion


You were on level 1 of the Abyss.
You worshipped Trog.
Trog was greatly pleased with you.
You were near starving.

You visited 2 branches of the dungeon, and saw 9 of its levels.
You visited the Abyss 1 time.

You collected 451 gold pieces.

Inventory:

Hand Weapons
 a - a +0 war axe (weapon)
Armour
 b - a +0 plate armour (worn)
Jewellery
 f - a +4 ring of intelligence (left hand)
 p - a +2 ring of strength (right hand)
 F - an uncursed ring of positive energy {unknown}
Wands
 i - a wand of clouds (3)
 s - a wand of digging (6)
 v - a wand of flame (49)
 x - a wand of random effects (16)
 B - a wand of disintegration (11)
Scrolls
 d - 7 scrolls of identify
 e - 4 scrolls of fog {unknown}
 g - 5 scrolls of remove curse
 j - 5 scrolls of teleportation
 n - 2 scrolls of noise {unknown}
 q - 2 scrolls of amnesia {unknown}
 w - 2 scrolls of immolation {unknown}
 y - 2 scrolls of fear {unknown}
 z - a scroll of blinking {unknown}
 A - 4 scrolls of magic mapping {unknown}
 G - a scroll of silence {unknown}
Potions
 h - a potion of curing {unknown}
 k - 3 potions of haste {unknown}
 l - a potion of cancellation {unknown}
 m - 3 potions of lignification
 o - 2 potions of flight {unknown}
 r - 3 potions of degeneration {unknown}
 t - a potion of resistance {unknown}
 u - 2 potions of magic {unknown}
 C - a potion of mutation {unknown}
 D - a potion of ambrosia {unknown}
 E - 2 potions of brilliance {unknown}
Comestibles
 c - 11 rations


   Skills:
 + Level 9.1 Fighting
 + Level 7.7 Axes
 + Level 8.7 Armour
 + Level 6.6 Dodging


You had 9 spell levels left.
You didn't know any spells.
Your spell library was empty.

Dungeon Overview and Level Annotations

Branches:
Dungeon (8/15)             Temple (1/1) D:6
   Lair: D:8-11

Altars:
Cheibriados
Elyvilon
Kikubaaqudgha
Nemelex Xobeh
Okawaru
Qazlal
Sif Muna
Trog
Wu Jian
Yredelemnul
The Shining One

Annotations:
D:7 2 transporters, chromaticdragonking's ghost, novice DsGl


Innate Abilities, Weirdness & Mutations

You are resistant to torment.
Your stone body is resilient. (AC +7)
You are immune to poison.
You resist negative energy. (rN+)
You are resistant to electric shocks. (rElec)
You can survive without breathing.
You are immune to petrification.
You are immune to rotting.


Message History

The large abomination is moderately damaged.
The large abomination barely misses you.
You hit the large abomination but do no damage.
The large abomination is moderately damaged.
The large abomination closely misses you.
You hit the large abomination.
The large abomination is moderately damaged.
You are near starving!
The large abomination closely misses you.
You hit the large abomination but do no damage.
The large abomination is moderately damaged.
The large abomination hits you!
You are too injured to fight recklessly!
You are too injured to fight recklessly!
You are too injured to fight recklessly!
You are too injured to fight recklessly!
You are too injured to fight recklessly!
You are too injured to fight recklessly!
The large abomination hits you!!
You die...

. . ..
...##.:# .
..#......## #.
.#....##.#.
#....[.......
#... ...#. ..
#.#...#...# #
..§...#X#.##.#
#.@...#.#
#.###...## ..
#.#....# ## #
..##..# .[...
##..# . .#..#.
.#...
....##.....#
...##. #.#..#
. .... ## ..##


You could see a large abomination.

Vanquished Creatures
  Pikel (D:8)
  Maurice (D:8)
  Psyche (D:8)
  2 hippogriffs (D:7)
  Sigmund (D:3)
  A chaos spawn (Abyss:1)
  3 hungry ghosts
  A water moccasin (D:8)
  A slave (D:8)
  2 ice beasts (D:7)
  2 orc warriors (D:8)
  2 phantoms
  A sky beast (D:8)
  3 ogres
  A centaur (D:8)
  A scorpion (D:4)
  12 wights (D:7)
  A howler monkey (D:5)
  4 crimson imps
  A bullfrog zombie (D:7)
  A centaur zombie (D:8)
  A quasit (D:8)
  A jelly (D:7)
  2 hounds
  6 orc priests
  5 orc wizards
  3 iguanas
  3 worker ants
  Natasha (thrice) (D:4)
  A killer bee zombie (D:8)
  7 gnolls
  10 adders
  2 shadow imps
  An ufetubus (Abyss:1)
  2 oozes (D:3)
  2 adder skeletons
  An adder zombie (D:5)
  4 worms
  A dart slug (D:3)
  5 leopard geckos
  19 orcs
  5 bats
  7 giant cockroaches
  6 goblins
  7 hobgoblins
  3 jackals (D:2)
  5 quokkas
  4 frilled lizards
  9 kobolds
  A leopard gecko skeleton (D:8)
  A quokka skeleton (D:8)
  4 rats
  A spectral orc (D:4)
175 creatures vanquished.

Vanquished Creatures (collateral kills)
  A large abomination (Abyss:1)
1 creature vanquished.

Grand Total: 176 creatures vanquished

Notes
Turn   | Place    | Note
-------+----------+-------------------------------------------
     0 | D:1      | Fang the Gargoyle Berserker began the quest for the Orb.
     0 | D:1      | Reached XP level 1. HP: 14/14 MP: 1/1
   147 | D:1      | Reached XP level 2. HP: 19/19 MP: 2/2
  1172 | D:2      | Found a glowing golden altar of the Shining One.
  1180 | D:2      | Reached XP level 3. HP: 19/23 MP: 3/3
  1231 | D:2      | Found an iron altar of Okawaru.
  1231 | D:2      | Found a bloodstained altar of Trog.
  1270 | D:2      | Found an ancient bone altar of Kikubaaqudgha.
  1458 | D:2      | Reached XP level 4. HP: 17/29 MP: 4/4
  1550 | D:2      | Found a snail-covered altar of Cheibriados.
  2072 | D:3      | Reached ** piety under Trog
  2072 | D:3      | Reached skill level 4 in Fighting
  2123 | D:3      | Noticed Sigmund
  2137 | D:3      | Killed Sigmund
  2137 | D:3      | Reached XP level 5. HP: 12/34 MP: 5/5
  2137 | D:3      | Reached XP level 6. HP: 14/39 MP: 6/6
  2798 | D:3      | Reached skill level 5 in Fighting
  3081 | D:3      | Reached XP level 7. HP: 44/44 MP: 5/7
  3862 | D:4      | Reached *** piety under Trog
  3862 | D:4      | Reached skill level 5 in Armour
  4099 | D:4      | Noticed Natasha
  4108 | D:4      | Killed Natasha
  4108 | D:4      | Reached XP level 8. HP: 50/51 MP: 8/8
  4217 | D:4      | Noticed Natasha
  4227 | D:4      | Killed Natasha
  4252 | D:4      | Found a basalt altar of Yredelemnul.
  4481 | D:4      | Noticed Natasha
  4491 | D:4      | Killed Natasha
  4516 | D:5      | Entered Level 5 of the Dungeon
  4585 | D:5      | Found a shimmering blue altar of Sif Muna.
  4687 | D:5      | Reached skill level 6 in Fighting
  4687 | D:5      | Reached skill level 5 in Axes
  4958 | D:5      | Found an ornate altar of the Wu Jian Council.
  5527 | D:6      | You fall into a shaft and drop 2 floors!
  5595 | D:8      | Noticed Maurice
  5595 | D:8      | Noticed Psyche
  5604 | D:8      | Killed Psyche
  5604 | D:8      | Reached XP level 9. HP: 56/56 MP: 9/9
  5608 | D:8      | Killed Maurice
  5608 | D:8      | Reached skill level 7 in Fighting
  5608 | D:8      | Reached skill level 5 in Dodging
  6497 | D:8      | Reached **** piety under Trog
  6594 | D:8      | Noticed Pikel
  6609 | D:8      | Killed Pikel
  6609 | D:8      | Reached skill level 8 in Fighting
  6705 | D:8      | Reached XP level 10. HP: 62/64 MP: 10/10
  7001 | D:7      | Identified the +7 dire flail of Disorder {crush, rC+ Int+4}
  7001 | D:7      | Noticed a two-headed ogre
  7002 | D:7      | Noticed chromaticdragonking's ghost (novice DsGl)
  7589 | D:7      | Found a transporter.
  7594 | D:7      | Found a transporter.
  7677 | D:6      | Found a staircase to the Ecumenical Temple.
  7687 | Temple   | Entered the Ecumenical Temple
  7753 | D:6      | Found a white marble altar of Elyvilon.
  7772 | D:6      | Reached skill level 9 in Fighting
  7973 | D:6      | Cast into level 1 of the Abyss (orc priest)
  7977 | Abyss:1  | Noticed a large abomination
  7991 | Abyss:1  | Killed a large abomination
  8172 | Abyss:1  | Mangled by a large abomination

Levels and vault maps discovered:
D:1:      dpeg_arrival_tiny_c, layout_basic
D:2:      layout_basic, lemuel_round_altar, gammafunk_temple_overflow_forgotten,
          nicolae_overflow_hidden_temple
D:3:      layout_basic, uniq_sigmund
D:4:      layout_cave_pools, yredelemnul_forgotten_temple_becter, uniq_natasha
D:5:      layout_loops_ring, old_standard_altar, first_ration, basic_altar,
          kennysheep_generic_room_8
D:6:      kennysheep_six_static_rooms, layout_basic, old_standard_altar,
          minmay_temple_entry_statues_fountains, minmay_manual_monstrance
D:7:      layout_rooms, gammafunk_ghost_smash
D:8:      layout_loops_corners, uniq_psyche, uniq_maurice, uniq_pikel
Temple:   nicolae_temple_hex_pool
Abyss:1

Skill      XL: |  1  2  3  4  5  6  7  8  9 10 |
---------------+-------------------------------+-----
Axes           | 3 4 5 6 7 |  7.7
Dodging        | 2 3 4 5 6 |  6.6
Armour         | 3 4 5 6 7 8 |  8.7
Fighting       | 4 5 6 8 9 |  9.1

Action                   |  1- 3 |  4- 6 |  7- 9 | 10-12 || total
-------------------------+-------+-------+-------+-------++-------
Melee: Hand axe          |   109 |   103 |   137 |       ||   349
       War axe           |       |       |   215 |   149 ||   364
Invok: Berserk           |     1 |     5 |     8 |     2 ||    16
       Trog's Hand       |       |     1 |       |       ||     1
       Brothers in Arms  |       |       |       |     1 ||     1
  Use: Scroll            |       |     4 |       |       ||     4
  Eat: Chunk             |     2 |     9 |    21 |     4 ||    36
       Ration            |       |       |     2 |     2 ||     4
Armor: Animal skin       |    42 |    26 |    10 |       ||    78
       Chain mail        |       |       |   139 |       ||   139
       Plate armour      |       |       |    88 |   144 ||   232
Dodge: Dodged            |    89 |    66 |   205 |   111 ||   471
